 Dungeon Crawl Stone Soup version 0.31.0-32-g396128a36d (webtiles) character file.

Game seed: 1788698916558089381

4674 H0rd4k the Martial Artist (level 10, -11/66 HPs)
             Began as an Octopode Artificer on Mar 21, 2024.
             Was an Initiate of Gozag.
             Mangled by Erica
             ... wielding a +1 scimitar of flaming
              (12 damage)
             ... on level 9 of the Dungeon.
             The game lasted 00:11:29 (9128 turns).

H0rd4k the Martial Artist (Octopode Artificer)      Turns: 9128, Time: 00:11:29

Health: -11/66     AC:  1    Str: 11    XL:     10   Next: 44%
Magic:  10/10      EV: 11    Int: 24    God:    Gozag
Gold:   1336       SH:  0    Dex: 19    Spells: 9/9 levels left

rFire   x .          .
                       - Unarmed
rCold   + . .        (no shield)
rNeg    . . .        (helmet restricted)
rPois   .            E - amulet of regeneration
rElec   .            e - +6 ring of dexterity
rCorr   .            p - +6 ring of intelligence
SInv    .            A - ring of ice
Will    .....        (no ring)
Stlth   +++          (no ring)
HPRegen 1.11/turn    (no ring)
MPRegen 0.12/turn    (no ring)
                     (no ring)

%: no passive effects
@: slowed, constricted, very slow
A: almost no armour, amphibious, 8 rings, camouflage 1, gelatinous body 1,
(nimble swimmer 1), tentacles
a: Renounce Religion, Potion Petition, Call Merchant, Bribe Branch


You were on level 9 of the Dungeon.
You worshipped Gozag.
Gozag was most pleased with you.
You visited 2 branches of the dungeon, and saw 10 of its levels.
You also visited: Ossuary.

You collected 1398 gold pieces.
You paid 62 gold pieces to Gozag.

Inventory:

Missiles
 b - 9 poisoned darts (quivered)
Jewellery
 e - a +6 ring of dexterity (left tentacle)
 p - a +6 ring of intelligence (right tentacle)
 A - a ring of ice (on tentacle)
 E - an amulet of regeneration (around mantle)
Talismans
 g - a maw talisman
 K - a maw talisman
Wands
 c - a wand of charming (4)
 d - a wand of iceblast (2)
 C - a wand of paralysis (2)
 D - a wand of roots (21)
Scrolls
 i - 2 scrolls of fog
 j - 3 scrolls of summoning
 k - 2 scrolls of revelation
 l - 2 scrolls of noise
 m - 4 scrolls of teleportation
 n - 3 scrolls of enchant armour
 o - 2 scrolls of poison
 r - 5 scrolls of torment
 u - a scroll of vulnerability
 w - a scroll of immolation
 x - 3 scrolls of fear
 y - a scroll of enchant weapon
 G - a scroll of amnesia
Potions
 a - a potion of heal wounds
 f - a potion of might {unknown}
 h - 5 potions of curing {unknown}
 q - 2 potions of attraction {unknown}
 s - 3 potions of mutation {unknown}
 t - a potion of magic {unknown}
 v - 2 potions of haste {unknown}
 z - 2 potions of brilliance {unknown}
 B - a potion of resistance {unknown}
 F - 2 potions of enlightenment {unknown}
 H - a potion of invisibility {unknown}
 I - a potion of lignification {unknown}
 J - a potion of degeneration {unknown}


   Skills:
 + Level 5.0 Fighting
 - Level 1.0 Throwing
 - Level 2.3 Dodging
 - Level 1.3 Stealth
 + Level 13.8 Unarmed Combat
 - Level 3.2 Evocations


You had 9 spell levels left.
You didn't know any spells.
Your spell library contained the following spells:

 Spells                   Type           Power      Damage    Failure   Level
 Jinxbite                 Hex            0%         N/A       22%         2
 Static Discharge         Conj/Air       0%         3-3/arc   22%         2
 Sublimation of Blood     Necr           0%         N/A       22%         2
 Volatile Blastmotes      Fire/Tloc      0%         2d10      41%         3
 Airstrike                Air            0%         2d(0-16)  82%         4
 Fulminant Prism          Conj/Alch      0%         3d5       82%         4
 Iskenderun's Mystic Bla  Conj/Tloc      0%         2d3       82%         4
 Petrify                  Alch/Erth      0%         N/A       82%         4
 Summon Lightning Spire   Summ/Air       0%         N/A       82%         4
 Alistair's Intoxication  Alch           0%         N/A       99%         5
 Borgnjor's Vile Clutch   Necr/Erth      0%         N/A       99%         5
 Irradiate                Conj/Alch      0%         3d11      99%         5
 Yara's Violent Unravell  Hex/Alch       0%         3d3       99%         5
 Eringya's Noxious Bog    Alch           0%         4d6       100%        6
 Enfeeble                 Hex            0%         N/A       100%        7
 Chain Lightning          Conj/Air       0%         N/A       100%        9
 Fire Storm               Conj/Fire      0%         5d1       100%        9
 Shatter                  Erth           0%         3d5*      100%        9


Dungeon Overview and Level Annotations

Branches:
Dungeon (9/15)             Temple (1/1) D:4         Ossuary (visited)
   Lair: D:8-11         Orc: D:9-12

Altars:
Ashenzari
Dithmenos
Elyvilon
Fedhas
Gozag
Hepliaklqana
Kikubaaqudgha
Makhleb
Nemelex Xobeh
Okawaru
Ru
Sif Muna
Trog
Uskayaw
Vehumet
Xom
Yredelemnul
Zin

Shops:
D:4 *

Annotations:
D:3 exclusion: downstairs
D:4 exclusion: downstairs
D:9 Erica


Innate Abilities, Weirdness & Mutations

You cannot wear most types of armour.
You are amphibious.
You can wear up to eight rings at the same time.
Your skin changes colour to match your surroundings (Stealth+).
Your rubbery body absorbs attacks. (AC +1, EV +1)
((You are camouflaged when in or above water. (Stealth+)))
You have tentacles for arms and can constrict up to eight enemies at once.


Message History

The grasping roots constrict Erica.
Erica struggles to escape constriction.
Unknown command.
The grasping roots constrict Erica!
Erica casts a spell.
Erica flickers and vanishes!
The roots lose their grip on something.
Aiming: Iceblast
Press: ? - help, Shift-Dir - straight line The mass of ice explodes!
Aiming: Fastroot
Press: ? - help, Shift-Dir - straight line The roots erupt in riotous growth!
Roots grab something.
The grasping roots constrict something.
You feel yourself slow down.
Unknown command.
The roots lose their grip on something.
You feel as though you will be slow longer.
Aiming: Fastroot
Press: ? - help, Shift-Dir - straight line The roots erupt in riotous growth!
Roots grab something.
The grasping roots constrict something.
Unknown command.
Something hits you. Something burns you. Something grabs you.
You are constricted.
Erica's grasp on you weakens, but your attempt to escape fails.
Something hits you. Something burns you.
You are constricted.
You barely miss something. Your squeeze misses something. Something hits you!
Something burns you!
You are constricted.
Aiming: Paralyse
Press: ? - help, Shift-Dir - straight line Nothing appears to happen.
Something hits you!
* * * LOW HITPOINT WARNING * * *
Something burns you.
* * * LOW HITPOINT WARNING * * *
You are constricted.
* * * LOW HITPOINT WARNING * * *
Something hits you!
You die...
Your body crumbles into a pile of gold.

####### #.....#
#####.###.# #...#.# #.#
#.#.#.# #.## #.#.#.###@.##
#.#.....{...#
#.#.#.####### #.>.#.#
#...#.# ######
#...#.###############..<..
#.........................
#..{#............#####....
#...############.# ##.###


There were no monsters in sight!

Vanquished Creatures
  A two-headed ogre (D:7)
  Maggie (D:8)
  Menkaure (D:5)
  A water moccasin (D:6)
  An ice beast (D:7)
  A sky beast (D:7)
  2 black bears
  An orc warrior (D:6)
  An ogre (D:4)
  A weeping skull (Ossuary)
  3 phantoms
  3 elf zombies (Ossuary)
  A bullfrog (D:8)
  5 scorpions
  6 wights (D:8)
  2 burial acolytes (Ossuary)
  5 howler monkeys
  An electric eel (D:9)
  3 bombardier beetles
  3 human zombies (Ossuary)
  5 orc priests
  6 hounds
  2 jellies (D:5)
  3 sleepcaps (D:5)
  Jessica (D:2)
  3 iguanas
  9 orc wizards
  2 hound zombies (Ossuary)
  2 mummies (Ossuary)
  3 gnolls (D:7)
  8 adders
  2 shadow imps (D:5)
  A ribbon worm zombie (D:7)
  A white imp (D:5)
  3 ufetubi
  3 dart slugs
  39 orcs
  7 endoplasms
  3 giant cockroaches
  10 goblins
  3 hobgoblins
  8 jackals
  4 kobolds
  5 quokkas
  8 ball pythons
  4 bats
  3 frilled lizards
  7 gnoll zombies (Ossuary)
  4 orc zombies (Ossuary)
  3 rats
205 creatures vanquished.

Vanquished Creatures (collateral kills)
  A scorpion (D:6)
  2 orc priests
  A sleepcap (D:7)
  3 orc wizards
  A gnoll (D:7)
8 creatures vanquished.

Vanquished Creatures (others)
  Pikel (D:9)
  A gnoll sergeant (D:7)
  2 orc wizards
  An ufetubus (D:5)
5 creatures vanquished.

Grand Total: 218 creatures vanquished

Notes
Turn   | Place    | Note
-------+----------+-------------------------------------------
     0 | D:1      | H0rd4k the Octopode Artificer began the quest for the Orb.
     0 | D:1      | Reached XP level 1. HP: 13/13 MP: 1/1
   283 | D:1      | Reached skill level 1 in Unarmed Combat
   283 | D:1      | Reached XP level 2. HP: 18/18 MP: 2/2
   958 | D:2      | Reached XP level 3. HP: 12/24 MP: 3/3
  1024 | D:2      | Reached skill level 2 in Unarmed Combat
  1212 | D:2      | Reached XP level 4. HP: 18/29 MP: 4/4
  1312 | D:2      | Reached skill level 3 in Unarmed Combat
  1325 | D:2      | Noticed Jessica
  1329 | D:2      | Killed Jessica
  1578 | D:2      | Found a faded altar of an unknown god.
  1998 | D:3      | Reached skill level 4 in Unarmed Combat
  1998 | D:3      | Reached XP level 5. HP: 33/35 MP: 5/5
  2039 | D:3      | You fall into a shaft and drop 2 floors!
  2039 | D:5      | Entered Level 5 of the Dungeon
  2104 | D:5      | Found a burning altar of Makhleb.
  2282 | D:5      | Reached skill level 5 in Unarmed Combat
  2282 | D:5      | Reached XP level 6. HP: 41/41 MP: 6/6
  2291 | D:5      | Noticed Menkaure
  2294 | D:5      | Killed Menkaure
  2322 | D:5      | Reached skill level 6 in Unarmed Combat
  2473 | D:5      | Reached XP level 7. HP: 46/46 MP: 7/7
  2595 | D:5      | Found a basalt altar of Yredelemnul.
  3122 | D:4      | Found a staircase to the Ecumenical Temple.
  3129 | D:4      | Reached skill level 7 in Unarmed Combat
  3134 | Temple   | Entered the Ecumenical Temple
  3155 | Temple   | Became a worshipper of Gozag Ym Sagoz the Greedy
  3482 | D:4      | Reached XP level 8. HP: 41/52 MP: 8/8
  3602 | D:4      | Reached skill level 8 in Unarmed Combat
  4269 | D:4      | Found Cuhonwiy's General Store.
  4527 | D:5      | Reached skill level 9 in Unarmed Combat
  5036 | D:5      | Reached skill level 1 in Throwing
  5270 | D:5      | Reached skill level 10 in Unarmed Combat
  5363 | D:5      | Found a white marble altar of Elyvilon.
  5603 | D:6      | Reached XP level 9. HP: 47/58 MP: 9/9
  6482 | D:6      | Found a glowing silver altar of Zin.
  6765 | D:7      | Found a sand-covered staircase.
  6777 | Ossuary  | Entered an ossuary
  6819 | Ossuary  | Reached skill level 11 in Unarmed Combat
  6819 | Ossuary  | Found an ancient bone altar of Kikubaaqudgha.
  7732 | D:7      | Reached skill level 12 in Unarmed Combat
  7805 | D:7      | Noticed a two-headed ogre
  7865 | D:7      | Killed a two-headed ogre
  7866 | D:7      | Reached skill level 13 in Unarmed Combat
  7866 | D:7      | Reached XP level 10. HP: 62/65 MP: 10/10
  8228 | D:8      | Noticed Maggie
  8236 | D:8      | Killed Maggie
  8286 | D:8      | Found an ancient bone altar of Kikubaaqudgha.
  8427 | D:8      | Reached skill level 5 in Fighting
  8674 | D:8      | Found an iron altar of Okawaru.
  9073 | D:9      | Noticed Pikel
  9075 | D:9      | Noticed Erica
  9081 | D:9      | Your ally Pikel died
  9128 | D:9      | HP: 1/66 [something (4)]
  9128 | D:9      | Mangled by Erica

Illustrated notes

Levels and vault maps discovered:
D:1:      minmay_arrival_nine_rooms, layout_basic, serial_rivers,
          chequers_serial_rivers_small_a, chequers_serial_rivers_micro_e,
          chequers_serial_rivers_marsh, chequers_serial_rivers_small_3,
          chequers_serial_rivers_small_b, chequers_serial_rivers_micro_c
D:2:      layout_rooms, serial_aquarium, aquarium_bridge_square
          [aquarium_subvault_bridge, aquarium_subvault_wall,
          aquarium_subvault_wall, aquarium_subvault_window], aquarium_window_1,
          aquarium_window_fake, aquarium_view_2g, aquarium_view_2e,
          aquarium_balcony_3a, aquarium_pool_double,
          hellmonk_ecumenical_altar_leap_of_faith, hex_large, minivault_25,
          minmay_misc_feat_x, nicolae_half_adder, uniq_jessica
D:3:      layout_loops_ring
D:4:      layout_basic, minmay_temple_entry_waves, serial_shops,
          nicolae_shop_rolling_square
D:5:      layout_basic, kennysheep_ying_yang, roderic_roman_lattice,
          minmay_ruined_shrine, uniq_menkaure
D:6:      layout_rooms, zin_statuary
D:7:      layout_loops_ring, enter_ossuary_3
D:8:      layout_basic, nicolae_overflow_hidden_temple,
          nicolae_overflow_crystal_walls, dk_noncrumbling_4, minivault_21,
          uniq_maggie
D:9:      layout_basic, gammafunk_temple_overflow_elements, uniq_erica,
          uniq_pikel
Temple:   minmay_temple_bridge_abc

Skill      XL: |  1  2  3  4  5  6  7  8  9 10 |
---------------+-------------------------------+-----
Unarmed Combat | 1 2 4 5 6 7 10 13 | 13.8
Fighting       | 2 3 4 5 |  5.0
Throwing       | 1 |  1.0
Dodging        | |  2.3
Stealth        | |  1.3
Evocations     | |  3.2

Action                     |  1- 3 |  4- 6 |  7- 9 | 10-12 || total
---------------------------+-------+-------+-------+-------++-------
  Melee: Unarmed           |    70 |    57 |   350 |    72 ||   549
         Constrict         |    19 |    15 |    79 |    15 ||   128
         Tentacles         |    13 |    10 |    87 |    24 ||   134
         Punch             |     1 |     3 |    34 |     8 ||    46
  Throw: Dart              |       |       |     4 |     3 ||     7
  Evoke: Wand              |       |    15 |    14 |     7 ||    36
    Use: Potion            |       |       |     1 |       ||     1
         Scroll            |       |       |    12 |     2 ||    14
   Stab: Sleeping          |    11 |     2 |    16 |       ||    29
         Distracted        |       |       |     2 |       ||     2
         Paralysed         |       |       |     3 |     4 ||     7
 Armour: Skin              |    28 |    34 |   157 |    32 ||   251
  Dodge: Dodged            |    50 |    43 |   128 |    32 ||   253
